Map: 16-Bit LE

Players

Marzbar - Winner!

  • Race: Zerg Zerg
  • League: Diamond
  • Spawn Location: 7:00

Stealth

  • Race: Terran Terran
  • League: Diamond
  • Spawn Location: 1:00

VOD

Have the link to the VOD?

Description

Time

  • Played on: June 19, 2018, 12:14 a.m.
  • Length: 19:38
Show
View Real Time Build Order
Export as new Build Order

Marzbar Zerg - Winner!

Build Orders: Hatch First 

Get SALT Encoding   

  12  0:01  Drone  
  13  0:13  Overlord  
  13  0:18  Drone  
  14  0:31  Drone x2  
  14  0:35  Drone  
  17  0:55  Hatchery  
  16  0:58  Drone  
  16  1:00  Drone  
  16  1:03  Extractor  
  17  1:07  Drone  
  18  1:22  Spawning Pool  
  17  1:34  Drone x2  
  17  1:39  Overlord  
  19  1:50  Drone  
  20  2:09  Queen x2  
  20  2:10  Zergling x4  
  20  2:13  Metabolic Boost  
  26  2:17  Drone  
  26  2:21  Drone  
  28  2:23  Drone  
  28  2:28  Drone  
  29  2:44  Drone  
  30  2:56  Zergling x2  
  30  3:14  Drone x2  
  30  3:18  Hatchery  
  30  3:19  Queen x2  
  33  3:25  Drone  
  36  3:27  Overlord x2  
  36  3:30  Overlord x2  
  36  3:39  Baneling Nest  
  35  3:49  Drone x2  
  35  3:50  Drone x3  
  35  3:51  Drone  
  41  4:06  Drone  
  41  4:07  Drone x3  
  41  4:08  Drone x2  
  47  4:12  Drone x3  
  50  4:25  Zergling x4  
  52  4:43  Evolution Chamber  
  52  4:44  Lair  
  50  4:47  Drone x4  
  50  4:48  Extractor, Zergling x8, Evolution Chamber  
  50  4:49  Baneling  
  50  4:50  Baneling x4  
  56  4:55  Overlord  
  56  4:56  Drone x2  
  58  5:21  Drone  
  58  5:22  Drone x12  
  58  5:25  Extractor  
  58  5:28  Hatchery  
  69  5:33  Overlord x2  
  69  5:36  Zerg Melee Weapons Level 1  
  67  6:02  Hydralisk Den, Extractor  
  65  6:08  Drone x11  
  65  6:09  Drone  
  65  6:11  Zergling x8  
  80  6:14  Extractor  
  80  6:16  Extractor  
  80  6:17  Spore Crawler  
  80  6:18  Spore Crawler  
  77  6:19  Spore Crawler, Zerg Ground Armor Level 1  
  77  6:21  Drone x3  
  77  6:22  Drone x3  
  77  6:24  Overlord  
  82  6:27  Overlord  
  82  6:29  Overlord  
  82  6:30  Overlord  
  82  6:37  Centrifical Hooks  
  82  6:40  Grooved Spines  
  82  6:48  Queen  
  83  7:07  Hatchery  
  78  7:10  Hatchery  
  75  7:20  Spore Crawler  
  72  7:24  Zergling x2  
  72  7:25  Hydralisk, Zergling x12  
  72  7:26  Hydralisk x10  
  101  7:39  Drone  
  101  7:40  Drone x4  
  106  7:45  Drone  
  106  7:51  Drone x4  
  111  8:05  Queen x2  
  111  8:06  Hydralisk x2  
  111  8:08  Overlord x2  
  111  8:09  Overlord x3  
  119  8:12  Zerg Missile Weapons Level 1  
  119  8:14  Muscular Augments  
  119  8:15  Zerg Melee Weapons Level 2  
  119  8:21  Queen  
  119  8:22  Overlord x2  
  119  8:23  Hydralisk x2  
  125  8:28  Spine Crawler  
  125  8:29  Drone x3  
  127  8:34  Baneling x4  
  127  8:35  Baneling x2  
  127  8:46  Hydralisk  
  127  8:47  Hydralisk x5  
  127  8:48  Infestation Pit  
  138  9:02  Overseer  
  138  9:03  Pneumatized Carapace  
  138  9:04  Drone  
  138  9:05  Drone x6  
  138  9:07  Overlord x2, Drone x2  
  138  9:08  Hydralisk x2  
  138  9:09  Hydralisk  
  153  9:16  Spire  
  148  9:27  Hydralisk x7  
  162  9:37  Hydralisk x4  
  170  9:39  Zergling x2  
  170  9:40  Zergling x10  
  176  9:58  Overseer x2  
  175  10:01  Hive  
  175  10:04  Queen  
  175  10:06  Queen  
  179  10:08  Drone  
  179  10:09  Extractor x2, Drone x6  
  179  10:11  Extractor x2  
  179  10:13  Spine Crawler  
  179  10:16  Spine Crawler  
  174  10:32  Zergling x2  
  174  10:33  Zergling x14  
  135  11:12  Hydralisk x7  
  135  11:13  Hydralisk x14  
  171  11:25  Overlord x5  
  171  11:26  Overlord x4  
  171  11:29  Zerg Missile Weapons Level 2  
  171  11:30  Zerg Ground Armor Level 2  
  171  11:48  Overseer x2  
  171  11:49  Overseer  
  171  11:50  Viper  
  171  11:51  Viper x4  
  186  12:04  Hydralisk x6  
  198  12:34  Hydralisk  
  200  12:38  Greater Spire  
  197  14:08  Hydralisk x9  
  197  14:09  Hydralisk x6  
  147  14:26  Hydralisk x4  
  147  14:27  Corruptor  
  147  14:28  Corruptor x7  
  147  14:29  Hydralisk  
  147  14:30  Hydralisk x4  
  175  14:34  Queen x3  
  165  15:02  Brood Lord  
  165  15:03  Brood Lord x7  
  165  15:04  Hydralisk x9  
  199  15:30  Spore Crawler x2  
  199  15:31  Spore Crawler  
  199  15:32  Zergling x6  
  199  15:33  Spore Crawler  
  199  15:34  Spore Crawler x2  
  196  15:35  Spore Crawler  
  196  15:37  Spine Crawler  
  196  15:39  Spine Crawler  
  196  15:41  Spore Crawler  
  189  16:11  Hydralisk x4  
  169  16:12  Hydralisk x17  
  162  16:30  Hydralisk  
  162  16:31  Hydralisk x7  
  178  16:40  Hydralisk  
  178  16:41  Hydralisk x4  
  178  16:45  Viper x4  
  200  17:03  Hatchery x2  
  198  17:09  Hatchery  
  195  17:16  Overseer  
  195  17:22  Zerg Flyer Weapons Level 1  
  195  17:26  Queen  
  195  17:27  Queen  
  199  18:10  Unknown  
  177  18:14  Hydralisk  
  177  18:15  Hydralisk x14  
  177  18:16  Hydralisk x2  
  177  18:18  Hydralisk  
Show
View Real Time Build Order
Export as new Build Order

Stealth Terran 

Build Orders: Reaper Expand 

Get SALT Encoding   

  12  0:01  SCV  
  13  0:14  SCV  
  14  0:18  Supply Depot  
  14  0:27  SCV  
  15  0:31  Refinery  
  15  0:40  SCV  
  16  0:50  Barracks  
  16  0:53  SCV  
  17  1:05  SCV  
  18  1:17  SCV  
  19  1:29  Engineering Bay  
  19  1:36  Orbital Command  
  19  1:38  Reaper  
  20  2:01  Command Center  
  20  2:05  SCV  
  21  2:15  Marine  
  22  2:21  SCV  
  22  2:22  Supply Depot  
  23  2:29  Factory  
  23  2:47  SCV  
  24  2:55  Barracks Reactor  
  24  2:59  SCV  
  25  3:18  SCV  
  25  3:20  Orbital Command  
  25  3:22  Hellion  
  27  3:27  Refinery  
  27  3:30  SCV  
  28  3:40  Factory  
  28  3:42  SCV  
  28  3:43  Barracks Tech Lab  
  28  3:47  SCV  
  30  3:52  Hellion x2  
  30  3:54  SCV  
  35  4:00  SCV  
  36  4:07  SCV  
  37  4:12  SCV  
  37  4:13  Hellion x2  
  42  4:17  Barracks Tech Lab  
  42  4:19  SCV  
  42  4:23  Starport  
  42  4:24  SCV  
  44  4:37  Widow Mine  
  46  4:55  Widow Mine, SCV x2  
  46  4:57  Supply Depot  
  50  5:02  Supply Depot  
  50  5:07  Refinery, SCV x2  
  50  5:10  Raven  
  50  5:11  Refinery  
  54  5:19  SCV x2  
  54  5:20  Supply Depot  
  56  5:23  Widow Mine x2  
  59  5:31  SCV x2  
  59  5:34  Barracks Tech Lab  
  61  5:38  Barracks  
  61  5:40  Barracks x2  
  61  5:42  Engineering Bay  
  61  5:43  SCV x2  
  61  5:44  Engineering Bay  
  63  5:55  SCV x2  
  65  6:08  SCV x2  
  65  6:09  Raven  
  69  6:13  Terran Infantry Armor Level 1  
  69  6:15  Command Center  
  69  6:20  SCV x2  
  71  6:32  SCV x2  
  73  6:33  Barracks Reactor  
  73  6:34  Barracks Tech Lab, Barracks Reactor  
  73  6:36  Terran Infantry Weapons Level 1  
  73  6:40  Marine  
  73  6:44  SCV x2  
  76  6:52  Marine  
  76  6:53  Hellion  
  76  6:54  Hellion x2  
  85  6:56  SCV  
  86  7:02  SCV, Marine  
  86  7:08  SCV  
  79  7:10  Marine  
  79  7:14  SCV  
  81  7:17  Marine x2  
  81  7:18  Marine x2  
  81  7:20  SCV  
  81  7:21  Marauder  
  86  7:26  SCV  
  86  7:27  Supply Depot x2  
  86  7:28  Marauder, Supply Depot  
  90  7:32  SCV  
  90  7:33  Orbital Command  
  90  7:35  Marine x2  
  90  7:36  Marine  
  93  7:38  Supply Depot, SCV  
  93  7:43  Marauder, Armory  
  96  7:44  SCV  
  96  7:48  Marine  
  96  7:50  Marauder  
  96  7:51  SCV  
  101  7:53  Marine x2  
  101  7:55  Ghost Academy  
  101  7:56  SCV  
  104  7:59  Siege Tank  
  104  8:01  Siege Tank  
  104  8:03  SCV  
  111  8:08  SCV  
  111  8:11  Marine x2  
  111  8:12  Marine x4  
  118  8:15  SCV  
  118  8:16  Stimpack, Concussive Shells  
  119  8:20  SCV  
  119  8:21  SCV  
  121  8:29  Marine  
  121  8:30  Marauder x2  
  121  8:32  Marine, Command Center  
  121  8:33  Marine x2  
  129  8:35  Refinery  
  129  8:43  Missile Turret  
  129  8:49  Marine  
  129  8:50  Marine  
  131  8:59  Refinery, Combat Shield  
  131  9:00  Marine x2  
  131  9:01  Marine x2  
  135  9:03  Missile Turret  
  135  9:07  Terran Infantry Armor Level 2, Terran Infantry Weapons Level 2, Marine, Terran Vehicle Weapons Level 1  
  135  9:08  Marine  
  137  9:18  Marine x2  
  139  9:25  Missile Turret  
  139  9:27  Marauder, Marine x3  
  139  9:28  Siege Tank  
  139  9:29  Medivac  
  149  9:39  Supply Depot  
  149  9:44  Siege Tank, Supply Depot x2, SCV x3, Marine, Medivac  
  160  9:45  Marauder, Supply Depot  
  160  9:46  Orbital Command, Supply Depot  
  160  9:48  Marine x2  
  164  10:00  Marine  
  164  10:01  Siege Tank, SCV x2, Marine  
  164  10:05  Supply Depot, SCV  
  164  10:06  Marine x2  
  176  10:13  SCV x2  
  178  10:16  Siege Tank  
  178  10:17  Unknown, Marine  
  178  10:18  Marine  
  178  10:19  Marine  
  184  10:24  Marine x2  
  184  10:27  Orbital Command  
  185  10:33  Widow Mine  
  185  10:35  Unknown, Marine x2  
  189  10:36  Marine  
  189  10:37  Marine  
  189  10:42  Marine x2, Medivac x2  
  195  10:44  Refinery  
  195  10:45  Personal Cloaking  
  195  10:48  Widow Mine  
  199  10:51  Refinery  
  199  10:53  Marine  
  200  11:01  Unknown, Terran Vehicle And Ship Armor Level 1  
  175  11:08  Unknown  
  149  11:12  Medivac  
  149  11:18  Marine x3  
  146  11:19  Marauder, Marine  
  146  11:20  Siege Tank x2  
  158  11:36  Marine x4  
  158  11:39  Unknown  
  164  11:40  Marauder  
  163  11:52  Siege Tank  
  163  11:54  Marine x4  
  170  12:02  Marauder  
  170  12:06  Barracks  
  170  12:08  Marauder, Unknown, Barracks  
  174  12:09  Barracks x2  
  174  12:11  Barracks  
  174  12:12  Marine x4  
  176  12:21  Command Center  
  176  12:23  Marauder  
  176  12:24  Terran Infantry Armor Level 3, Terran Infantry Weapons Level 3  
  176  12:29  Marine x3  
  179  12:30  Marine x2  
  179  12:36  Sensor Tower  
  183  12:42  Siege Tank  
  183  12:43  Siege Tank, Medivac x2  
  193  12:44  Marauder  
  193  12:47  Marine x4  
  199  12:52  Marine  
  199  12:55  Barracks  
  200  13:03  Barracks  
  200  13:13  Barracks Tech Lab x2, Barracks Reactor x2  
  200  13:14  Barracks Tech Lab  
  197  13:55  Marine  
  197  13:56  Marine  
  197  13:57  Marine  
  149  14:15  Marine x3  
  149  14:16  Marauder, Marine x5  
  146  14:24  Unknown  
  148  14:29  Viking x2  
  152  14:32  Marine  
  152  14:33  Marine x4  
  152  14:35  Siege Tank x2  
  152  14:37  Marauder, Marine x3  
  168  14:44  Unknown  
  168  14:45  Unknown x3, Marine x2  
  173  14:50  Marine x2  
  169  14:59  Marine x2, Viking x2  
  172  15:00  Marauder, Marine  
  172  15:02  Marine x3  
  172  15:04  SCV x2  
  185  15:08  Marine x2  
  185  15:13  Unknown x2  
  187  15:16  Starport  
  187  15:19  Starport  
  187  15:21  Missile Turret, Planetary Fortress  
  187  15:29  Viking x2  
  187  15:31  Unknown  
  187  15:32  Unknown  
  187  15:35  Command Center  
  191  15:37  Marine x3  
  191  15:38  Missile Turret  
  191  15:40  Refinery  
  191  15:42  Refinery, Marine x2  
  196  15:43  Hi-Sec Auto Tracking, Terran Vehicle And Ship Armor Level 2, Structure Armor  
  196  15:54  Unknown x3  
  196  15:57  Unknown x2  
  196  15:58  Unknown x3  
  196  15:59  Viking x2  
  181  16:15  Marine x4  
  181  16:16  Marine x4  
  169  16:24  Marine x3  
  163  16:29  Viking x2  
  164  16:35  Marine x2  
  164  16:36  Marine x6  
  164  16:37  Marine x2  
  164  16:39  Siege Tank x2  
  180  16:42  Marine x3  
  180  16:44  Starport Reactor, Starport Tech Lab  
  180  16:46  Starport  
  179  16:53  Marine x3  
  179  16:54  Marine x7, Command Center  
  183  16:56  Command Center  
  183  16:59  Viking x2  
  183  17:00  Marine x3  
  196  17:11  Marine x4  
  200  17:30  Command Center  
  200  17:34  Factory  
  200  17:36  Starport Tech Lab  
  200  17:38  Factory  
  200  17:39  Factory  
  200  17:48  Unknown  
  200  17:50  Unknown x2  
  166  18:17  Marine x2  
  166  18:18  Marine x2  
  125  18:20  Marine  
  125  18:21  Marine  
  125  18:22  Marine  
  100  18:35  Marine x3  
  100  18:36  Marine  
  100  18:37  Marine  
  100  18:39  Marine x2  
  103  18:43  Orbital Command, Viking x4  
  112  18:53  Marine x4  
  116  18:55  Marine  
  116  18:57  Marine x2  
  115  19:06  Starport  
  115  19:10  Marine  
  115  19:11  Marine x3  
  115  19:13  Marine  
  115  19:15  Marine x2  
Tags
 
Add a new tag
Caveats
  • Supply blocks, unpowered buildings, or Contaminate may cause inaccurate times.
  • Supply counts are checked every 10 seconds.